 Dungeon Crawl Stone Soup version 0.28.0-53-g5a82cb258f (webtiles) character file.

Game seed: 2594928876093411114

179 MisterFreud the Conjurer (level 5, -11/31 HPs)
             Began as an Octopode Conjurer on June 8, 2022.
             Killed from afar by an orc wizard (12 damage)
             ... with a puff of flame
             ... on level 3 of the Dungeon.
             The game lasted 00:03:45 (4044 turns).

MisterFreud the Conjurer (Octopode Conjurer)        Turns: 4044, Time: 00:03:45

Health: -11/31     AC:  1    Str:  6    XL:     5   Next: 59%
Magic:  5/9        EV: 13    Int: 22    God:
Gold:   142        SH:  0    Dex: 11    Spells: 7/10 levels left

rFire   . . .      SeeInvis .   f - +2 whip (vamp)
rCold   . . .      Faith    .   (no shield)
rNeg    . . .      Spirit   .   (helmet restricted)
rPois   .          Reflect  .   (no amulet)
rElec   .          Harm     .   (no ring)
rCorr   .          Rampage  .   (no ring)
Will    .....                   (no ring)
Stlth   +++.......              (no ring)
HPRegen 0.10/turn               (no ring)
MPRegen 0.11/turn               (no ring)
                                (no ring)
                                (no ring)

@: no status effects
A: almost no armour, amphibious, 8 rings, camouflage 1, gelatinous body 1,
(nimble swimmer 1), tentacles
a: no special abilities


You were on level 3 of the Dungeon.
You visited 1 branch of the dungeon, and saw 4 of its levels.

You collected 142 gold pieces.

Inventory:

Hand Weapons
 b - a +0 short sword
 f - a +2 vampiric whip (weapon)
 k - a +1 falchion of holy wrath
Missiles
 a - 2 atropa-tipped darts
 j - 6 poisoned darts
Wands
 l - a wand of flame (18)
Scrolls
 h - a scroll of noise
Potions
 d - a potion of resistance
 m - a potion of lignification {unknown}


   Skills:
 - Level 2.4 Dodging
 - Level 3.2 Stealth
 - Level 3.0 Spellcasting
 + Level 5.8 Conjurations


You had 7 spell levels left.
You knew the following spells:

 Your Spells              Type           Power      Damage    Failure   Level
a - Magic Dart            Conj           100%       1d8       1%          1
b - Searing Ray           Conj           58%        2d6       1%          2

Your spell library contained the following spells:

 Spells                   Type           Power      Damage    Failure   Level
 Dazzling Flash           Conj/Hex       32%        N/A       11%         3
 Freeze                   Ice            12%        1d4       12%         1
 Frozen Ramparts          Ice            6%         1d2       36%         3
 Fulminant Prism          Conj/Hex       8%         3d7       36%         4
 Hailstorm                Conj/Ice       16%        3d6       36%         4
 Iskenderun's Mystic Bla  Conj/Tloc      16%        2d5       36%         4


Dungeon Overview and Level Annotations

Branches:
Dungeon (4/15)
 Temple: D:4-7

Altars:
Xom
The Shining One

Shops:
D:1 [


Innate Abilities, Weirdness & Mutations

You cannot wear most types of armour.
You are amphibious.
You can wear up to eight rings at the same time.
Your skin changes colour to match your surroundings (Stealth+).
Your rubbery body absorbs attacks. (AC +1, EV +1)
((You are camouflaged when in or above water. (Stealth+)))
You have tentacles for arms and can constrict up to eight enemies at once.


Message History

The orc wizard is heavily wounded.
The orc wizard gestures at you while chanting.
The magic dart hits you.
The magic dart hits the orc wizard.
The orc wizard is severely wounded.
The magic dart hits the orc wizard.
The orc wizard is almost dead.
An orc comes into view. It is wielding a +0 flail.
The magic dart hits the bullfrog skeleton.
The bullfrog skeleton is lightly damaged.
The orc shouts!
An orc priest comes into view. It is wielding a +0 club.
You barely miss the bullfrog skeleton. You grab the bullfrog skeleton.
You tentacle-slap the bullfrog skeleton.
The bullfrog skeleton is moderately damaged.
You constrict the bullfrog skeleton. The bullfrog skeleton hits you.
You hit the orc wizard but do no damage.
Your grab misses the orc wizard.
The orc wizard is almost dead.
You constrict the bullfrog skeleton. The bullfrog skeleton hits you.
The orc wizard hits you with a +0 dagger.
* * * LOW HITPOINT WARNING * * *
The bullfrog skeleton closely misses you.
You release your grip on the bullfrog skeleton.
The orc wizard casts a spell.
The orc wizard flickers and vanishes!
Deactivating autopickup; reactivate with Ctrl-A.
The orc hits you but does no damage. The bullfrog skeleton hits you.
* * * LOW HITPOINT WARNING * * *
You climb upwards.
Reactivating autopickup.
There is a stone staircase leading down here.
Unknown command.
Something hits you.
* * * LOW HITPOINT WARNING * * *
Deactivating autopickup; reactivate with Ctrl-A.
You hear some strange, mumbled words.
A puff of flame appears from out of thin air!
The puff of flame hits you!
You die...

#.#.#.............####'#
#.#.#.#.###.#.###.# #..
#...............#.# #..
#.#.#.#.###.#.#.#.# #..
#.#.#.......).#.#.# ##.
#.#.#...........#.######
#.#.#.#o{...............
#.....#.###...#.#.##....
###.#.#@# #...#.#.......
#.#.#.# #...#.#.......
#.#.#.###...#.#....###
#.#.#.....<...........
#.#.#####...#.........
#.#.# #...#.#.######
#.#.# #...#.#.# #.#.#
#.....#.###### #.#.#
##............


You could see an orc.

Vanquished Creatures
  A crimson imp (D:4)
  A hound (D:3)
  Robin (D:3)
  3 adders
  A dart slug (D:2)
  An orc (D:3)
  5 ball pythons
  3 endoplasms
  2 giant cockroaches
  18 goblins
  8 hobgoblins
  7 kobolds
  3 quokkas (D:2)
  5 bats
  4 frilled lizards
  5 rats
68 creatures vanquished.

Notes
Turn   | Place    | Note
-------+----------+-------------------------------------------
     0 | D:1      | MisterFreud the Octopode Conjurer began the quest for the
                  | Orb.
     0 | D:1      | Reached XP level 1. HP: 11/11 MP: 3/3
   308 | D:1      | Found a faded altar of an unknown god.
   332 | D:1      | Reached XP level 2. HP: 17/17 MP: 1/5
   502 | D:1      | Found Azos's Antique Armour Emporium.
  1060 | D:1      | Learned a level 2 spell: Searing Ray
  1321 | D:1      | Reached XP level 3. HP: 21/21 MP: 4/6
  1856 | D:2      | Found a glowing golden altar of the Shining One.
  2348 | D:2      | Reached XP level 4. HP: 27/27 MP: 4/8
  3095 | D:3      | Noticed Robin
  3151 | D:3      | Killed Robin
  3152 | D:3      | Reached skill level 5 in Conjurations
  3671 | D:3      | Reached XP level 5. HP: 31/31 MP: 3/9
  3779 | D:4      | Found a shimmering altar of Xom.
  4043 | D:3      | HP: 1/31 [something (4)]
  4044 | D:3      | Killed from afar by an orc wizard

Illustrated notes

Levels and vault maps discovered:
D:1:      dpeg_arrival_rooms_a, layout_basic, serial_shops, nicolae_shop_stone,
          shapermc_ecumenical_altar_pompeii
D:2:      layout_basic, basic_altar, st_stairs_10, small_statue_intersection
D:3:      layout_basic, bh_walls_and_bars, uniq_robin
D:4:      layout_cave_pods, led_xom_imps

Skill      XL: |  1  2  3  4 |
---------------+-------------+-----
Stealth        | 3 |  3.2
Spellcasting   | 3 |  3.0
Conjurations   | 5 |  5.8
Dodging        | |  2.4

Action                   |  1- 3 |  4- 6 || total
-------------------------+-------+-------++-------
Melee: Unarmed           |     3 |       ||     3
       Constrict         |     6 |     3 ||     9
       Short sword       |    13 |       ||    13
       Tentacles         |     4 |     3 ||     7
       Punch             |     1 |     1 ||     2
       Whip              |     2 |    15 ||    17
 Cast: Magic Dart        |    70 |    49 ||   119
       Searing Ray       |       |     1 ||     1
  Use: Scroll            |       |     5 ||     5
Armor: Skin              |     3 |     1 ||     4
Dodge: Dodged            |    10 |    10 ||    20
